 Dungeon Crawl Stone Soup version 0.31-a0-836-g3ceb0a68c4 (webtiles) character file.

Game seed: 9717420375018018012

98 Kurtz the Chopper (level 4, -1/31 HPs)
             Began as an Octopode Fighter on Sept 26, 2023.
             Slain by an orc wizard
             ... wielding a +0 dagger
              (3 damage)
             ... on level 3 of the Dungeon.
             The game lasted 00:01:08 (1765 turns).

Kurtz the Chopper (Octopode Fighter)                Turns: 1765, Time: 00:01:09

Health: -1/31      AC:  1    Str: 15    XL:     4   Next: 71%
Magic:  4/4        EV: 13    Int: 10    God:
Gold:   192        SH:  4    Dex: 13    Spells: 3/3 levels left

rFire   + . .        a - +0 war axe
rCold   + . .        b - +0 buckler
rNeg    . . .        (helmet restricted)
rPois   +            (no amulet)
rElec   +            (no ring)
rCorr   +            (no ring)
SInv    .            (no ring)
Will    .....        (no ring)
Stlth   ++           (no ring)
HPRegen 0.25/turn    (no ring)
MPRegen 0.09/turn    (no ring)
                     (no ring)

%: no passive effects
@: resistant
A: almost no armour, amphibious, 8 rings, camouflage 1, gelatinous body 1,
(nimble swimmer 1), tentacles
a: no special abilities


You were on level 3 of the Dungeon.
You visited 1 branch of the dungeon, and saw 3 of its levels.

You collected 192 gold pieces.

Inventory:

Hand Weapons
 a - a +0 war axe (weapon)
Armour
 b - a +0 buckler (worn)
Jewellery
 q - a +6 ring of strength
Scrolls
 f - 2 scrolls of vulnerability {unknown}
 g - 3 scrolls of identify {unknown}
 h - a scroll of butterflies {unknown}
 i - a scroll of silence {unknown}
 l - a scroll of teleportation {unknown}
 m - a scroll of blinking {unknown}
 n - a scroll of amnesia {unknown}
 p - a scroll of poison {unknown}
Potions
 c - a potion of might
 j - a potion of mutation {unknown}
 k - a potion of magic
 o - a potion of brilliance {unknown}


   Skills:
 - Level 3.0 Fighting
 * Level 4.7 Axes
 - Level 3.0 Dodging
 - Level 3.0 Shields


You had 3 spell levels left.
You didn't know any spells.
Your spell library was empty.

Dungeon Overview and Level Annotations

Branches:
Dungeon (3/15)

Altars:
Hepliaklqana
Ru
Yredelemnul

Annotations:
D:3 2 transporters, jakobj's ghost, weakling DsNe


Innate Abilities, Weirdness & Mutations

You cannot wear most types of armour.
You are amphibious.
You can wear up to eight rings at the same time.
Your skin changes colour to match your surroundings (Stealth+).
Your rubbery body absorbs attacks. (AC +1, EV +1)
((You are camouflaged when in or above water. (Stealth+)))
You have tentacles for arms and can constrict up to eight enemies at once.


Message History

The orc is almost dead.
A puff of flame appears from out of thin air!
The puff of flame hits you. The orc hits you with a +0 flail!
An orc is nearby!
You are too injured to fight recklessly!
An orc is nearby!
You are too injured to fight recklessly!
Unknown command.
You are too injured to fight recklessly!
You are too injured to fight recklessly!
Unknown command.
It was a potion of curing.
You feel better. The orc hits you with a +0 flail.
You closely miss the orc. You grab the orc.
The orc is almost dead.
You constrict the orc.
You kill the orc!
You hear some strange, mumbled words.
You are confused.
Unknown command.
You bump into the rock wall.
A puff of flame appears from out of thin air!
The puff of flame misses you.
Unknown command.
Things that are here:
a +0 flail; an orc corpse Something hits you.
You closely miss something. Your squeeze misses something. Something hits you.
You bump into the rock wall.
Something hits you.
* * * LOW HITPOINT WARNING * * *
You barely miss something.
You feel less confused.
You hear some strange, mumbled words.
A magic dart appears from out of thin air!
The magic dart hits you!
* * * LOW HITPOINT WARNING * * *
It was a potion of resistance.
You feel protected. You block something's attack.
It was a potion of magic.
Magic courses through your body. Something hits you.
You die...

#.####
#....#...........#..######
#.# #....#....$(Z...Z#..#
#.#..#############..#
#.#........©........#
...................#
###.###.##.###.#
....[#.##.# #.# #.#)#.##.#
#.# #. #.@)).##.# #.# ..
###{####.# #.# ## #...#
#.# #.# #........ ..#
###### #...### ......#
####. ......## .# ####...#
.# (!:#...## .#


There were no monsters in sight!

Vanquished Creatures
  2 adders (D:2)
  A worm (D:2)
  3 orcs (D:3)
  8 bats
  5 endoplasms
  3 giant cockroaches
  12 goblins
  2 hobgoblins (D:2)
  3 jackals (D:1)
  9 kobolds
  3 quokkas
  7 ball pythons
  8 frilled lizards
  2 rats (D:1)
68 creatures vanquished.

Notes
Turn   | Place    | Note
-------+----------+-------------------------------------------
     0 | D:1      | Kurtz the Octopode Fighter began the quest for the Orb.
     0 | D:1      | Reached XP level 1. HP: 16/16 MP: 1/1
    63 | D:1      | Reached XP level 2. HP: 12/21 MP: 2/2
   160 | D:1      | Reached skill level 3 in Axes
   413 | D:1      | Reached XP level 3. HP: 26/26 MP: 3/3
   971 | D:2      | Reached skill level 4 in Axes
  1047 | D:2      | Reached XP level 4. HP: 28/31 MP: 4/4
  1677 | D:3      | Found a transporter.
  1679 | D:3      | Noticed a necrophage
  1680 | D:3      | Noticed jakobj's ghost (weakling DsNe)
  1707 | D:3      | Found a sacrificial altar of Ru.
  1707 | D:3      | Found a hazy altar of Hepliaklqana.
  1708 | D:3      | Found a basalt altar of Yredelemnul.
  1742 | D:3      | Found a transporter.
  1765 | D:3      | Slain by an orc wizard

Illustrated notes

Levels and vault maps discovered:
D:1:      saegor_arrival_miasma, layout_basic
D:2:      layout_rooms, minmay_tall_x
D:3:      layout_loops_ring, nicolae_overflow_macrodata_refinement,
          marbit_many_paths, gammafunk_ghost_mausoleum, grunt_decor_resistance,
          st_stairs_8, kennysheep_decorative_pillar, due_unseen_surprise,
          uniq_sigmund

Skill      XL: |  1  2  3 |
---------------+----------+-----
Axes           | 3 4 |  4.7
Fighting       | |  3.0
Dodging        | |  3.0
Shields        | |  3.0

Action                     |  1- 3 |  4- 6 || total
---------------------------+-------+-------++-------
  Melee: War axe           |    59 |    44 ||   103
         Tentacles         |    10 |     3 ||    13
         Constrict         |     9 |    12 ||    21
    Use: Potion            |       |     3 ||     3
   Stab: Sleeping          |     8 |     3 ||    11
 Armour: Skin              |    25 |    24 ||    49
  Dodge: Dodged            |    40 |    25 ||    65
  Block: Buckler           |     6 |     6 ||    12

Table legend: (Time is in decaauts)
 A = Elapsed time spent in this place.
 B = Non-inter-level travel time spent in this place.
 C = Inter-level travel time spent in this place.
 D = Time resting spent in this place.
 E = Time spent auto-exploring this place.
 F = Levels seen in this place.
 G = Mean time per level.
                   A        B        C        D        E       F      G
               +--------+--------+--------+--------+--------+-----+--------+
         Total |   1800 |   1733 |     67 |     20 |   1330 |   3 |  600.0 |
       Dungeon |   1800 |   1733 |     67 |     20 |   1330 |   3 |  600.0 |
               +--------+--------+--------+--------+--------+-----+--------+

Top non-repeatable levels by time:
     D:1: 922 daAuts
     D:2: 620 daAuts
     D:3: 257 daAuts
